 Dungeon Crawl Stone Soup version 0.29-a0-330-g52719c12eb (webtiles) character file.

Game seed: 12270096088432662667

32 Anon1729 the Sneak (level 3, -24/25 HPs)
             Began as a Djinni Enchanter on Apr 16, 2022.
             Annihilated by an ogre
             ... wielding a +0 giant spiked club
              (33 damage)
             ... on level 2 of the Dungeon.
             The game lasted 00:01:14 (1241 turns).

Anon1729 the Sneak (Djinni Enchanter)               Turns: 1241, Time: 00:01:15

Health: -24/25     AC:  6    Str:  7    XL:     3   Next: 42%
Gold:   122        EV: 12    Int: 18    God:
                   SH:  0    Dex: 13

rFire   + + .      SeeInvis .   a - +1 dagger
rCold   x . .      Faith    .   (no shield)
rNeg    . . .      Spirit   .   b - +0 robe
rPois   ∞          Reflect  .   (no helmet)
rElec   .          Harm     .   (no cloak)
rCorr   .          Rampage  .   (no gloves)
Will    .....                   (boots unavailable)
Stlth   ++........              (no amulet)
HPRegen 0.08/turn               m - +4 ring of protection
MPRegen 0.00/turn               (no ring)

@: flying, very slightly contaminated
A: sickness immunity, fire resistance 2, cold vulnerability 1, float, innate
caster, HP casting, extra vitality 1
a: no special abilities


You were on level 2 of the Dungeon.
You visited 1 branch of the dungeon, and saw 2 of its levels.

You collected 122 gold pieces.

Inventory:

Hand Weapons
 a - a +1 dagger (weapon)
Missiles
 l - 74 stones
Armour
 b - a +0 robe (worn)
Jewellery
 m - a +4 ring of protection (left hand)
Scrolls
 d - a scroll of teleportation {unknown}
 f - 2 scrolls of noise {unknown}
 i - 2 scrolls of identify {unknown}
 k - a scroll of enchant weapon {unknown}
Potions
 c - 2 potions of invisibility
 e - 2 potions of curing {unknown}
 g - a potion of brilliance {unknown}
 h - a potion of haste {unknown}
 j - a potion of mutation {unknown}
 n - a potion of heal wounds {unknown}


   Skills:
 + Level 1.5 Short Blades
 + Level 2.7 Dodging
 + Level 2.8 Stealth
 + Level 2.6 Spellcasting


You couldn't memorise any spells.
You knew the following spells:

 Your Spells              Type           Power      Damage    Failure   Level
a - Ensorcelled Hibernat  Hex/Ice        24%        N/A       9%          2
b - Confusing Touch       Hex            12%        N/A       17%         3
c - Tukima's Dance        Hex            12%        N/A       17%         3
d - Dazzling Flash        Conj/Hex       24%        N/A       17%         3
e - Sandblast             Erth           24%        2d8       5%          1
Your spell library was empty.

Dungeon Overview and Level Annotations

Branches:
Dungeon (2/15)

Altars:


Innate Abilities, Weirdness & Mutations

You are immune to sickness and miasma.
You are immune to poison.
Your flesh is very heat resistant. (rF++)
You are vulnerable to cold. (rC-)
You float through the air rather than walking.
You learn spells naturally, not from books.
Your magical power is your life essence.
You have superior vitality. (+4 MHP)


Message History

No target in view!
No target in view!
No target in view!
No target in view!
No target in view!
No target in view!
Found 10 gold pieces.
l - 75 stones (gained 32)
Things that are here:
a +0 short sword; a kobold corpse
n - a coppery potion You now have 122 gold pieces (gained 10).
You see here a +0 great mace.
i - 2 scrolls labelled OJEM WAUNYORU (gained 1)
Things that are here:
a +0 club; a goblin corpse; a ball python corpse
There is an escape hatch in the floor here.
Found a club.
An ogre comes into view. It is wielding a +0 giant spiked club.
An ogre is nearby!
An ogre is nearby!
A frilled lizard comes into view.
The ogre shouts!
You hear an angry hiss.
The frilled lizard hisses angrily.
You miscast Sandblast.
You are very lightly contaminated with residual magic.
Nothing appears to happen.
The blast of sand hits the ogre.
The ogre is lightly wounded.
The ogre hits you with a +0 giant spiked club!
A ball python comes into view.
Casting: Sandblast (safe; 5% risk of failure)
Confirm with . or Enter, or press ? or * to list all spells.
The spell is extremely dangerous to miscast (17% risk of failure)!
Continue anyway?
Aiming: Tukima's Dance (extremely dangerous; 17% risk of failure)
Press: ? - help, Shift-Dir - straight line, f/p - ogre
Aim: an ogre, wielding a +0 giant spiked club (lightly wounded, chance to affect: 46%)
You miscast Tukima's Dance.
Nothing appears to happen.
The ogre hits you with a +0 giant spiked club!!
Ouch! That really hurt!
You die...

###########.#.... .#
#...#### .# #...#
##.# #...# )..# #.).#
###..# #...#
....#######...####
#.###.##...........).
#..O@...............)
#..#..##>............
#. #l.##.#####...####
.S #..##.# #...# .#
#.###.# #...# . #.#
#.# #...# ... ..#
#...# #.# ### .#


You could see an ogre, a ball python and a frilled lizard.

Vanquished Creatures
  A worm (D:2)
  2 bats
  3 endoplasms (D:1)
  2 giant cockroaches (D:1)
  5 goblins
  A hobgoblin (D:1)
  2 kobolds
  A quokka (D:1)
  5 ball pythons
  A frilled lizard (D:1)
  3 rats (D:1)
26 creatures vanquished.

Notes
Turn   | Place    | Note
-------+----------+-------------------------------------------
     0 | D:1      | Anon1729 the Djinni Enchanter began the quest for the Orb.
     0 | D:1      | Reached XP level 1. HP: 15/15 MP: 0/0
    83 | D:1      | Reached skill level 1 in Short Blades
   172 | D:1      | Found a faded altar of an unknown god.
   272 | D:1      | Reached XP level 2. HP: 21/21 MP: 0/0
   652 | D:1      | Reached XP level 3. HP: 25/25 MP: 0/0
   652 | D:1      | Learned a level 1 spell: Sandblast
  1236 | D:2      | Noticed an ogre
  1241 | D:2      | Annihilated by an ogre

Illustrated notes

Levels and vault maps discovered:
D:1:      lordsloth_arrival_two_stooges, layout_loops_cross,
          ebering_ecumenical_altar_webs, minmay_fountain_box
D:2:      layout_loops_cross

Skill      XL: |  1 |
---------------+----+-----
Short Blades   | 1 |  1.5
Dodging        | |  2.7
Stealth        | |  2.8
Spellcasting   | |  2.6

Action                   || total
-------------------------++-------
Melee: Dagger            ||    78
       Punch             ||     2
 Cast: Sandblast         ||     1
 Stab: Sleeping          ||     7
Armor: Robe              ||    13
Dodge: Dodged            ||    40

Table legend: (Time is in decaauts)
 A = Elapsed time spent in this place.
 B = Non-inter-level travel time spent in this place.
 C = Inter-level travel time spent in this place.
 D = Time resting spent in this place.
 E = Time spent auto-exploring this place.
 F = Levels seen in this place.
 G = Mean time per level.
                   A        B        C        D        E       F      G
               +--------+--------+--------+--------+--------+-----+--------+
         Total |   1235 |   1192 |     43 |      0 |    982 |   2 |  617.5 |
       Dungeon |   1235 |   1192 |     43 |      0 |    982 |   2 |  617.5 |
               +--------+--------+--------+--------+--------+-----+--------+

Top non-repeatable levels by time:
     D:1: 876 daAuts
     D:2: 359 daAuts
